 Dungeon Crawl Stone Soup version 0.30-a0-354-g6b83867211 (webtiles) character file.

Game seed: 11936292059717232131

375 Maxmaps the Trooper (level 6, 0/52 HPs)
             Began as a Demonspawn Gladiator on Nov 7, 2022.
             Slain by Crazy Yiuf
             ... wielding a +4 quarterstaff of chaos
              (2 damage)
             ... on level 3 of the Dungeon.
             The game lasted 00:03:17 (2696 turns).

Maxmaps the Trooper (Demonspawn Gladiator)          Turns: 2696, Time: 00:03:18

Health: 0/52       AC:  5    Str: 14    XL:     6   Next: 44%
Magic:  6/6        EV: 17    Int: 12    God:
Gold:   148        SH:  0    Dex: 14    Spells: 5/5 levels left

rFire   . . .      SeeInvis .    a - +0 trident
rCold   + . .      Faith    .    (no shield)
rNeg    . . .      Spirit   .    i - +0 leather armour {rC+}
rPois   .          Reflect  .    (helmet restricted)
rElec   .          Harm     .    (no cloak)
rCorr   .          Rampage  .    (no gloves)
Will    .....                    (no boots)
Stlth   +.........               (no amulet)
HPRegen 0.28/turn                (no ring)
MPRegen 0.10/turn                (no ring)

@: agile
A: horns 2, slimy green scales 1
a: no special abilities


You were on level 3 of the Dungeon.
You visited 1 branch of the dungeon, and saw 3 of its levels.

You collected 176 gold pieces.
You spent 28 gold pieces at shops.

Inventory:

Hand Weapons
 a - a +0 trident (weapon)
Missiles
 d - 2 throwing nets (quivered)
 e - a javelin
Armour
 i - a +0 leather armour of cold resistance (worn)
Scrolls
 b - 2 scrolls of fear {unknown}
 f - a scroll of butterflies
 g - 2 scrolls of enchant weapon {unknown}
 h - 3 scrolls of identify
 j - a scroll of magic mapping {unknown}
 k - a scroll of amnesia {unknown}
 l - a scroll of teleportation {unknown}


   Skills:
 + Level 5.6 Fighting
 - Level 3.0 Polearms
 - Level 1.7 Throwing
 - Level 3.1 Armour
 - Level 2.6 Dodging


You had 5 spell levels left.
You didn't know any spells.
Your spell library was empty.

Dungeon Overview and Level Annotations

Branches:
Dungeon (3/15)

Altars:
Dithmenos

Shops:
D:2 ?

Annotations:
D:3 Crazy Yiuf


Innate Abilities, Weirdness & Mutations

You have a pair of horns on your head.
You are partially covered in slimy green scales. (AC +2)


Message History

You see here a +0 hammer.
Found an iridescent hammer and two glowing hammers.
You see here a +0 hammer.
Failed to move towards target.
You open the door. You hit Crazy Yiuf but do no damage.
Crazy Yiuf hits you with a +4 quarterstaff of chaos!
You hit Crazy Yiuf.
Crazy Yiuf is moderately wounded.
Crazy Yiuf closely misses you.
You hit Crazy Yiuf.
Crazy Yiuf is moderately wounded.
Crazy Yiuf completely misses you.
You hit Crazy Yiuf but do no damage. You headbutt Crazy Yiuf.
Crazy Yiuf is severely wounded.
Crazy Yiuf closely misses you.
You closely miss Crazy Yiuf.
Crazy Yiuf is severely wounded.
Crazy Yiuf hits you with a +4 quarterstaff of chaos.
Crazy Yiuf burns you.
You barely miss Crazy Yiuf.
Crazy Yiuf is severely wounded.
Crazy Yiuf says, "Lugonu!
Prologue foot tired."
Crazy Yiuf closely misses you. Crazy Yiuf completely misses you.
You hit Crazy Yiuf but do no damage.
Crazy Yiuf is severely wounded.
Crazy Yiuf hits you with a +4 quarterstaff of chaos!
Crazy Yiuf burns you.
You barely miss Crazy Yiuf.
Crazy Yiuf is severely wounded.
Crazy Yiuf grits, "Island!
Lay sanguine fast."
Crazy Yiuf hits you with a +4 quarterstaff of chaos!
* * * LOW HITPOINT WARNING * * *
You feel agile all of a sudden.
You hit Crazy Yiuf.
Crazy Yiuf is almost dead.
Crazy Yiuf hits you with a +4 quarterstaff of chaos!
* * * LOW HITPOINT WARNING * * *
Crazy Yiuf freezes you.
You die...

..........†..##.#
.######.####.##.# #.####.##.#
###.......# .## ####.##.# ..
♣♣♣♣♣##.>..##.# .# ###
♣♣♣)♣)...#.#.##.# .#
#)))#♣))♣)......#.##.# .######
#.))g@♣♣♣♣......#.##<# .......
#)))#♣♣ ♣♣.....#.####
......... ### ♣♣##........
....####. #....#### .........
#..#.#
.........################..#.#
.............................#
..######..#..#.....####.#..#.#
..# #..#.....#............#


You could see Crazy Yiuf.

Vanquished Creatures
  The ghost of hgbash the Stinger, an amateur GrVM (D:3)
  A bullfrog (D:3)
  Jessica (D:2)
  Natasha (thrice) (D:2)
  Robin (D:1)
  7 adders
  A worm (D:2)
  2 dart slugs (D:1)
  An orc (D:3)
  6 endoplasms
  2 giant cockroaches
  13 goblins
  6 hobgoblins
  4 jackals (D:3)
  6 kobolds
  A quokka (D:1)
  4 ball pythons
  6 bats
  3 frilled lizards
  4 rats (D:1)
73 creatures vanquished.

Notes
Turn   | Place    | Note
-------+----------+-------------------------------------------
     0 | D:1      | Maxmaps the Demonspawn Gladiator began the quest for the
                  | Orb.
     0 | D:1      | Reached XP level 1. HP: 16/16 MP: 1/1
   168 | D:1      | Gained mutation: You have a pair of small horns on your
                  | head. [demonic ancestry]
   168 | D:1      | Reached XP level 2. HP: 9/23 MP: 2/2
   295 | D:1      | Reached skill level 3 in Fighting
   860 | D:2      | Gained mutation: You have a pair of horns on your head.
                  | [demonic ancestry]
   860 | D:2      | Reached XP level 3. HP: 29/29 MP: 3/3
   861 | D:2      | Noticed Robin
   872 | D:2      | Reached skill level 1 in Armour
   982 | D:1      | Killed Robin
  1079 | D:2      | Noticed Natasha
  1196 | D:2      | Killed Natasha
  1197 | D:2      | Reached XP level 4. HP: 35/35 MP: 4/4
  1273 | D:2      | Found a shadowy altar of Dithmenos.
  1273 | D:2      | Noticed Jessica
  1281 | D:2      | Killed Jessica
  1288 | D:2      | Found a faded altar of an unknown god.
  1590 | D:2      | Noticed Natasha
  1595 | D:2      | Killed Natasha
  1596 | D:2      | Gained mutation: You are partially covered in slimy green
                  | scales. (AC +2) [demonic ancestry]
  1596 | D:2      | Reached XP level 5. HP: 42/42 MP: 5/5
  1714 | D:2      | Reached skill level 4 in Fighting
  1835 | D:2      | Found Ataesm Jaav's Magic Scroll Shoppe.
  1843 | D:2      | Bought a scroll of identify for 28 gold pieces
  1878 | D:2      | Noticed Natasha
  1890 | D:2      | HP: 1/42 [Natasha/magic dart (10)]
  1892 | D:2      | Killed Natasha
  2188 | D:3      | Found a runed translucent door.
  2225 | D:3      | Noticed hgbash's ghost (amateur GrVM)
  2239 | D:3      | Reached skill level 5 in Fighting
  2239 | D:3      | Reached XP level 6. HP: 44/51 MP: 6/6
  2252 | D:3      | Killed hgbash's ghost
  2683 | D:3      | Found a runed translucent door.
  2684 | D:3      | Noticed Crazy Yiuf
  2696 | D:3      | HP: 2/52 [Crazy Yiuf/+4 quarterstaff of chaos (12)]
  2696 | D:3      | Slain by Crazy Yiuf

Illustrated notes

Levels and vault maps discovered:
D:1:      dpeg_arrival_rooms_b, layout_basic, serial_glass, glass_columns_a,
          glass_columns_a
D:2:      layout_rooms, basic_ecumenical_altar, basic_altar, serial_shops, shop,
          uniq_jessica, uniq_natasha, uniq_robin
D:3:      layout_basic, ebering_ghost_sewer_d, hangedman_decor_lopped,
          uniq_terence, uniq_crazy_yiuf_cottage

Skill      XL: |  1  2  3  4  5 |
---------------+----------------+-----
Fighting       | 3 5 |  5.6
Polearms       | 3 |  3.0
Armour         | 2 3 |  3.1
Throwing       | |  1.7
Dodging        | |  2.6

Action                   |  1- 3 |  4- 6 || total
-------------------------+-------+-------++-------
Melee: Trident           |   110 |   127 ||   237
       Headbutt          |     7 |    19 ||    26
       Punch             |       |     1 ||     1
Throw: Throwing net      |     1 |       ||     1
  Use: Scroll            |     1 |       ||     1
       Potion            |       |     4 ||     4
 Stab: Sleeping          |     1 |     1 ||     2
       Invisible         |       |     2 ||     2
Armor: Leather armour    |    22 |    34 ||    56
Dodge: Dodged            |    58 |    91 ||   149

Table legend: (Time is in decaauts)
 A = Elapsed time spent in this place.
 B = Non-inter-level travel time spent in this place.
 C = Inter-level travel time spent in this place.
 D = Time resting spent in this place.
 E = Time spent auto-exploring this place.
 F = Levels seen in this place.
 G = Mean time per level.
                   A        B        C        D        E       F      G
               +--------+--------+--------+--------+--------+-----+--------+
         Total |   2748 |   2685 |     63 |    648 |   1472 |   3 |  916.0 |
       Dungeon |   2748 |   2685 |     63 |    648 |   1472 |   3 |  916.0 |
               +--------+--------+--------+--------+--------+-----+--------+

Top non-repeatable levels by time:
     D:1: 1107 daAuts
     D:2: 972 daAuts
     D:3: 669 daAuts
